Map: Alcyone LE

Players

SKillous - Winner!

  • Race: Protoss Protoss
  • League: Grandmaster
  • Spawn Location: 7:00

sebesdes

  • Race: Protoss Protoss
  • League: Grandmaster
  • Spawn Location: 1:00

Event: HomeStory Cup XXV

VOD

Have the link to the VOD?

Description

Time

  • Played on: June 21, 2024, 12:32 p.m.
  • Length: 7:02

All games in this series

Show
View Real Time Build Order
Export as new Build Order

SKillous Protoss - Winner!

Build Orders: Phoenix Opening 

Get SALT Encoding   

  12  0:00  Probe  
  13  0:12  Probe  
  14  0:17  Pylon  
  14  0:24  Probe  
  15  0:35  Gateway  
  15  0:37  Probe (Chrono Boost)  
  16  0:44  Assimilator  
  16  0:46  Probe (Chrono Boost)  
  17  0:51  Probe  
  17  0:55  Assimilator  
  18  1:03  Probe (Chrono Boost)  
  19  1:08  Gateway  
  19  1:12  Probe (Chrono Boost)  
  19  1:18  Probe (Chrono Boost)  
  21  1:25  Cybernetics Core  
  21  1:30  Probe  
  22  1:35  Pylon  
  22  1:42  Probe  
  24  1:54  Probe  
  24  2:02  Sentry  
  24  2:03  Stalker, Warp Gate  
  24  2:06  Probe  
  29  2:12  Pylon  
  29  2:18  Probe  
  30  2:27  Pylon  
  30  2:30  Sentry  
  30  2:32  Probe  
  30  2:33  Phoenix  
  33  2:37  Sentry  
  35  2:47  Nexus  
  35  2:57  Robotics Facility  
  35  3:04  Probe  
  36  3:10  Pylon  
  36  3:18  Probe  
  37  3:30  Probe  
  37  3:32  Twilight Council  
  38  3:42  Warp Prism (Chrono Boost), Probe  
  41  3:54  Probe  
  42  4:00  Probe  
  42  4:01  Shield Battery  
  43  4:06  Resonating Glaives (Chrono Boost), Probe  
  43  4:08  Immortal (Chrono Boost)  
  48  4:13  Probe  
  49  4:18  Probe  
  50  4:25  Shield Battery, Probe  
  50  4:30  Probe  
  52  4:37  Probe  
  52  4:38  Immortal (Chrono Boost)  
  53  4:44  Adept x2  
  62  4:48  Pylon  
  61  5:02  Gateway x2  
  61  5:03  Gateway  
  61  5:07  Gateway  
  57  5:16  Stalker x2  
  57  5:19  Pylon  
  61  5:29  Pylon  
  61  5:31  Immortal (Chrono Boost)  
  65  5:40  Adept x2  
  69  5:44  Pylon  
  67  6:00  Adept x4  
  67  6:03  Adept x2  
  79  6:05  Warp Prism (Chrono Boost)  
  79  6:13  Pylon  
  71  6:35  Adept x6  
  83  6:42  Pylon  
  77  6:59  Adept x6  
Show
View Real Time Build Order
Export as new Build Order

sebesdes Protoss 

Build Orders: Blink Stalkers 

Get SALT Encoding   

  12  0:00  Probe  
  13  0:12  Probe  
  14  0:16  Pylon  
  14  0:24  Probe (Chrono Boost)  
  16  0:35  Gateway  
  16  0:36  Probe (Chrono Boost)  
  16  0:43  Probe (Chrono Boost)  
  16  0:46  Assimilator  
  17  0:51  Probe  
  17  0:53  Assimilator  
  18  1:03  Probe (Chrono Boost)  
  19  1:07  Gateway  
  20  1:12  Probe (Chrono Boost)  
  20  1:17  Probe (Chrono Boost)  
  20  1:22  Cybernetics Core  
  21  1:30  Probe  
  22  1:38  Pylon  
  22  1:42  Probe  
  23  1:56  Probe  
  23  1:58  Stalker  
  23  2:00  Warp Gate  
  28  2:07  Sentry  
  28  2:08  Probe  
  28  2:11  Pylon  
  29  2:26  Pylon  
  29  2:34  Stalker, Sentry  
  33  2:38  Probe  
  34  2:50  Nexus  
  34  2:53  Probe  
  35  3:03  Twilight Council  
  35  3:06  Probe  
  36  3:13  Pylon  
  36  3:18  Probe (Chrono Boost)  
  37  3:30  Probe (Chrono Boost)  
  37  3:33  Blink (Chrono Boost)  
  38  3:37  Probe (Chrono Boost)  
  39  3:44  Probe  
  39  3:48  Adept x2  
  44  3:56  Probe  
  44  4:02  Probe  
  46  4:08  Stalker x2, Probe  
  51  4:14  Probe  
  52  4:20  Probe  
  53  4:27  Probe  
  54  4:31  Stalker x2  
  54  4:32  Probe  
  59  4:39  Probe  
  59  4:40  Pylon  
  60  4:48  Nexus  
  60  4:57  Stalker  
  60  5:00  Stalker  
  60  5:05  Probe  
  63  5:13  Probe  
  64  5:17  Probe  
  65  5:22  Gateway  
  65  5:24  Stalker  
  65  5:25  Shield Battery, Probe  
  65  5:26  Gateway  
  68  5:33  Probe  
  69  5:36  Assimilator  
  69  5:37  Pylon  
  69  5:42  Probe  
  70  5:55  Probe  
  70  5:56  Stalker x2  
  75  6:01  Probe (Chrono Boost)  
  70  6:07  Probe (Chrono Boost)  
  68  6:12  Probe (Chrono Boost), Pylon  
  68  6:17  Stalker  
  72  6:18  Probe x2 (Chrono Boost)  
  72  6:19  Stalker x2  
  72  6:21  Stalker  
  72  6:23  Probe (Chrono Boost)  
  72  6:24  Probe (Chrono Boost)  
  72  6:25  Probe (Chrono Boost)  
  67  6:34  Probe  
  67  6:37  Gateway  
  66  6:40  Gateway  
  66  6:42  Stalker x2, Gateway  
  66  6:43  Gateway  
  65  6:52  Stalker  
Tags
 
Add a new tag
Caveats
  • Supply blocks, unpowered buildings, or Contaminate may cause inaccurate times.
  • Supply counts are checked every 10 seconds.